 Dungeon Crawl Stone Soup version 0.29-a0-321-gf1c400731a (webtiles) character file.

Game seed: 4797949847029732579

10493 enile the Fighter (level 11, 0/83 HPs)
             Began as a Merfolk Monk on Apr 3, 2022.
             Was the Champion of Hepliaklqana.
             Slain by a komodo dragon (20 damage)
             ... on level 1 of the Lair of Beasts.
             The game lasted 00:18:49 (9382 turns).

enile the Fighter (Merfolk Monk)                    Turns: 9382, Time: 00:18:51

Health: 0/83       AC: 10    Str: 15    XL:     11   Next: 63%
Magic:  16/16      EV: 17    Int:  8    God:    Hepliaklqana [******]
Gold:   433        SH:  0    Dex: 27    Spells: 10/10 levels left

rFire   + . .      SeeInvis .   T - +0 lajatang (spect)
rCold   . . .      Faith    .   (shield currently unavailable)
rNeg    . . .      Spirit   .   d - +1 scale mail of the Nightingale {rF+ Regen+ Str+4 Int-2}
rPois   .          Reflect  .   (no helmet)
rElec   .          Harm     .   (no cloak)
rCorr   .          Rampage  .   (no gloves)
Will    .....                   U - +1 pair of boots {Fly}
Stlth   ++........              (no amulet)
HPRegen 1.03/turn               N - +6 ring of dexterity
MPRegen 0.15/turn               (no ring)

@: flying
A: reduced essence, (nimble swimmer 2), mertail
a: Renounce Religion, Recall Ancestor, Ancestor Identity, Transference, Idealise


You were on level 1 of the Lair of Beasts.
You worshipped Hepliaklqana.
Hepliaklqana was exalted by your worship.
You visited 2 branches of the dungeon, and saw 11 of its levels.
You also visited: Bailey.

You collected 625 gold pieces.
You spent 192 gold pieces at shops.

Inventory:

Hand Weapons
 a - a +0 falchion
 o - a +0 dagger of speed
 B - a +0 scimitar
 E - a +2 great sword of protection
 K - a -3 double sword
 L - a -3 demon blade
 M - a +2 falchion of electrocution
 T - a +0 spectral lajatang (weapon)
Missiles
 j - 5 javelins
 J - 2 silver boomerangs (quivered)
 V - 6 boomerangs
 W - a throwing net
Armour
 b - a +0 robe
 d - the +1 scale mail of the Nightingale (worn) {rF+ Regen+ Str+4 Int-2}
   (You acquired it on level 6 of the Dungeon)

   Str:       It affects your strength (+4).
   Int:       It affects your intelligence (-2).
   rF:        It protects you from fire.
   Regen:     It increases your rate of health regeneration.
 h - a +0 leather armour of cold resistance
 t - the +3 scale mail "Elulieso" {rPois rF- rN+ Dex+3}
   (You found it on level 4 of the Dungeon)

   Dex:       It affects your dexterity (+3).
   rF:        It makes you vulnerable to fire.
   rPois:     It protects you from poison.
   rN:        It protects you from negative energy.
 U - a +1 pair of boots of flying (worn)
Jewellery
 k - a ring of wizardry
 q - a ring of magical power
 I - a ring of protection from fire
 N - a +6 ring of dexterity (left hand)
 P - an amulet of magic regeneration
 R - a +6 ring of strength
Wands
 p - a wand of iceblast (21)
 A - a wand of flame (14)
 C - a wand of acid (8)
 F - a wand of paralysis (21)
 H - a wand of charming (2)
Scrolls
 e - 5 scrolls of teleportation
 f - 3 scrolls of fear
 l - 4 scrolls of magic mapping
 n - 5 scrolls of fog {unknown}
 s - 3 scrolls of blinking {unknown}
 u - 2 scrolls of noise {unknown}
 x - 2 scrolls of enchant weapon
 y - 2 scrolls of amnesia {unknown}
 D - 2 scrolls of summoning {unknown}
 G - 4 scrolls of identify
 O - a scroll of holy word {unknown}
 S - a scroll of brand weapon {unknown}
Potions
 c - 2 potions of ambrosia
 g - a potion of brilliance {unknown}
 i - 9 potions of curing
 m - 3 potions of degeneration {unknown}
 r - a potion of haste {unknown}
 v - 7 potions of flight
 w - a potion of lignification {unknown}
 z - 4 potions of heal wounds {unknown}
Miscellaneous
 Q - a lightning rod (3/4)


   Skills:
 + Level 11.0 Fighting
 - Level 8.0 Long Blades
 - Level 4.0 Throwing
 - Level 4.0 Armour
 - Level 10.0 Dodging
 - Level 5.0 Stealth
 - Level 7.0 Invocations
 - Level 7.0 Evocations


You had 10 spell levels left.
You didn't know any spells.
Your spell library contained the following spells:

 Spells                   Type           Power      Damage    Failure   Level
 Beastly Appendage        Tmut           0%         N/A       85%         1
 Sublimation of Blood     Necr           0%         N/A       94%         2
 Wereblood                Tmut           0%         N/A       94%         2
 Dazzling Flash           Conj/Hex       0%         N/A       99%         3
 Gell's Gravitas          Tloc           0%         N/A       99%         3
 Lesser Beckoning         Tloc           0%         N/A       99%         3
 Spider Form              Tmut/Pois      0%         N/A       99%         3
 Teleport Other           Tloc           0%         N/A       99%         3
 Airstrike                Air            0%         N/A       100%        4
 Iskenderun's Mystic Bla  Conj/Tloc      0%         2d3       100%        4
 Summon Lightning Spire   Summ/Air       0%         N/A       100%        4
 Alistair's Intoxication  Tmut/Pois      0%         N/A       100%        5
 Borgnjor's Vile Clutch   Necr/Erth      0%         N/A       100%        5
 Iskenderun's Battlesphe  Conj           0%         2d6       100%        5
 Lightning Bolt           Conj/Air       0%         1d11      100%        5
 Eringya's Noxious Bog    Tmut/Pois      0%         N/A       100%        6
 Iron Shot                Conj/Erth      0%         9d1       100%        6
 Starburst                Conj/Fire      0%         6d3       100%        6
 Spellforged Servitor     Conj/Summ      0%         N/A       100%        7
 Summon Hydra             Summ           0%         N/A       100%        7


Dungeon Overview and Level Annotations

Branches:
Dungeon (10/15)            Temple (0/1) D:6            Lair (1/6) D:9
 Bailey (visited)
    Orc: D:9-12

Altars:
Ashenzari
Cheibriados
Dithmenos
Hepliaklqana
Kikubaaqudgha
Ru
Uskayaw
Vehumet
Wu Jian
Yredelemnul
Zin

Shops:
D:2 (   D:8 *

Annotations:
D:9 3 runed translucent doors, ArthosElwyn's ghost, novice MiFi
D:10 Lodul


Innate Abilities, Weirdness & Mutations

Your life essence is reduced to manifest your ancestor. (-10% HP)
((You are very nimble when in or above water. (Stealth+, EV+, Speed+++)))
Your lower body shifts to a powerful aquatic tail in water.


Message History

A cane toad is nearby!
A cane toad is nearby!
The cane toad stings you but does no damage.
The cane toad stings you!
A komodo dragon comes into view.
The komodo dragon hisses angrily.
The cane toad misses you.
Ur-Dumizida hits the cane toad with a +0 flail.
You hit the cane toad.
The cane toad is moderately wounded.
Your +0 spectral lajatang closely misses the cane toad.
The cane toad barely misses you.
Ur-Dumizida hits the cane toad with a +0 flail!
The cane toad stings you!
You hit the cane toad but do no damage.
The cane toad is heavily wounded.
Your +0 spectral lajatang closely misses the cane toad.
Ur-Dumizida hits the cane toad with a +0 flail!
The cane toad stings you!!
Ur-Dumizida hits the cane toad with a +0 flail.
You are too injured to fight recklessly!
You closely miss the cane toad.
The cane toad is almost dead.
Your +0 spectral lajatang hits the cane toad!!
You kill the cane toad!
Training target 5.0 for Stealth reached!
Your Stealth skill increases to level 5!
You need to enable at least one skill for training.
You hit the komodo dragon but do no damage.
Your +0 spectral lajatang hits the komodo dragon!
The komodo dragon closely misses you.
You hit the komodo dragon.
The komodo dragon is moderately wounded.
Your +0 spectral lajatang hits the komodo dragon!
Ur-Dumizida hits the komodo dragon with a +0 flail.
The komodo dragon bites you!!
* * * LOW HITPOINT WARNING * * *
Ur-Dumizida barely misses the komodo dragon.
The komodo dragon bites you!!
You die...

......#
#............
.......##
#...<.......
...[...P#
#.........##
........#
##.......##
........## ##.....##
.........# ##†.....#
#........###......##
.#....P...##..#...#
####.P.l@P..######
#...(R..##
....###.†## ..###
#.... . ##P....
#....... #.......
........ .......#


You could see the friendly Ur-Dumizida the knight, a komodo dragon (ally target)
and a friendly +0 spectral lajatang (summoned).

Vanquished Creatures
  3 two-headed ogres
  An orc knight (Bailey)
  A kobold demonologist (D:7)
  2 cane toads (Lair:1)
  A komodo dragon (Lair:1)
  A hornet (D:9)
  A troll (D:10)
  3 yaks
  A wyvern (D:8)
  A steam dragon (D:7)
  2 ice beasts
  9 orc warriors
  2 black bears
  2 centaurs (D:10)
  A phantom (D:6)
  2 kobold brigands
  4 bullfrogs
  A necrophage (D:5)
  4 scorpions
  8 killer bees (D:9)
  6 orc priests
  A hound (D:7)
  6 orc wizards
  3 iguanas
  5 adders
  4 gnolls
  A shadow imp (D:8)
  An ufetubus (D:4)
  2 worms
  5 dart slugs
  29 orcs
  6 endoplasms
  3 giant cockroaches
  5 goblins
  5 hobgoblins
  A jackal (D:5)
  23 kobolds
  3 quokkas
  3 ball pythons
  5 bats
  5 frilled lizards
  2 rats (D:2)
174 creatures vanquished.

Vanquished Creatures (collateral kills)
  2 two-headed ogres
  A cane toad (Lair:1)
  Sigmund (D:3)
  2 yaks (D:4)
  2 orc warriors
  An ice beast (D:5)
  A black bear (D:9)
  A phantom (D:6)
  A bullfrog (D:8)
  A scorpion (D:4)
  A jelly (D:6)
  7 killer bees (D:9)
  2 hounds (D:5)
  Ijyb (D:4)
  An orc wizard (D:7)
  3 iguanas
  A gnoll (D:8)
  A shadow imp (D:7)
  4 orcs
  A ball python (D:2)
  3 goblins
  3 hobgoblins
  2 jackals (D:5)
  A quokka (D:5)
  4 kobolds
48 creatures vanquished.

Vanquished Creatures (others)
  An orc warrior (Bailey)
  4 knights
  8 fungi (D:9)
  3 plants
16 creatures vanquished.

Grand Total: 238 creatures vanquished

Notes
Turn   | Place    | Note
-------+----------+-------------------------------------------
     0 | D:1      | enile the Merfolk Monk began the quest for the Orb.
     0 | D:1      | Reached XP level 1. HP: 18/18 MP: 1/1
   231 | D:1      | Reached XP level 2. HP: 20/25 MP: 2/2
   302 | D:1      | Reached skill level 4 in Fighting
   753 | D:2      | Reached XP level 3. HP: 29/30 MP: 3/3
   823 | D:2      | Found a faded altar of an unknown god.
   899 | D:2      | Prayed at the altar of an unknown god.
   899 | D:2      | Became a worshipper of Hepliaklqana the Forgotten
   899 | D:2      | Reached * piety under Hepliaklqana
   899 | D:2      | Reached ** piety under Hepliaklqana
   908 | D:2      | Remembered your ancestor Ur-Dumizida as a knight
   965 | D:2      | Reached skill level 5 in Dodging
  1276 | D:2      | Reached *** piety under Hepliaklqana
  1436 | D:2      | Found Puixoog's Antique Weapon Emporium.
  2013 | D:3      | Noticed Sigmund
  2042 | D:3      | Killed Sigmund
  2043 | D:3      | Reached skill level 6 in Fighting
  2043 | D:3      | Reached XP level 4. HP: 13/36 MP: 4/4
  2043 | D:3      | Reached XP level 5. HP: 15/41 MP: 5/5
  2043 | D:3      | Reached XP level 6. HP: 16/46 MP: 6/6
  2324 | D:3      | Reached skill level 1 in Invocations
  3025 | D:4      | Identified the +3 scale mail "Elulieso" {rPois rF- rN+
                  | Dex+3}
  3207 | D:4      | Reached **** piety under Hepliaklqana
  3409 | D:4      | Found a broken altar of Ashenzari.
  3770 | D:4      | Noticed Ijyb
  3787 | D:4      | Killed Ijyb
  4129 | D:4      | Found a snail-covered altar of Cheibriados.
  4166 | D:5      | Entered Level 5 of the Dungeon
  4175 | D:5      | Reached XP level 7. HP: 47/52 MP: 10/10
  4342 | D:5      | Reached skill level 5 in Long Blades
  4389 | D:5      | Noticed a yak
  4389 | D:5      | Noticed a yak
  4390 | D:5      | Noticed a yak
  4390 | D:5      | Noticed a yak
  4390 | D:5      | Noticed a yak
  4413 | D:5      | You fall into a shaft and drop 1 floor!
  4608 | D:6      | Identified a scroll of acquirement
  4608 | D:6      | Noticed a two-headed ogre
  4619 | D:6      | Killed a two-headed ogre
  4620 | D:6      | Reached skill level 7 in Fighting
  4620 | D:6      | Reached XP level 8. HP: 27/60 MP: 9/11
  4621 | D:6      | Acquired the +1 scale mail of the Nightingale {rF+ Regen+
                  | Str+4 Int-2}
  5153 | D:5      | Reached skill level 8 in Fighting
  5228 | D:5      | Killed a yak
  5229 | D:5      | Reached XP level 9. HP: 60/67 MP: 12/12
  5248 | D:4      | Reached skill level 9 in Fighting
  5321 | D:2      | Bought a glowing great sword for 190 gold pieces
  5760 | D:6      | Reached skill level 1 in Armour
  5764 | D:6      | Found an ancient bone altar of Kikubaaqudgha.
  5766 | D:6      | Paralysed by a kobold for 4 turns
  5935 | D:6      | Found a hide-covered altar of Uskayaw.
  5969 | D:6      | Found a staircase to the Ecumenical Temple.
  6060 | D:6      | Reached ***** piety under Hepliaklqana
  6416 | D:7      | Noticed a kobold demonologist
  6431 | D:7      | Killed a kobold demonologist
  6440 | D:7      | Reached skill level 10 in Fighting
  6446 | D:7      | Reached skill level 1 in Evocations
  6446 | D:7      | Reached XP level 10. HP: 63/76 MP: 13/13
  7152 | D:8      | Found Soatywifuc's Lightly-Used Armoury.
  7161 | D:8      | Bought a -3 double sword for 1 gold piece
  7161 | D:8      | Bought a -3 demon blade for 1 gold piece
  7176 | D:8      | Found a basalt altar of Yredelemnul.
  7286 | D:8      | Reached skill level 5 in Evocations
  7478 | D:8      | Found a glowing silver altar of Zin.
  7478 | D:8      | Found a shadowy altar of Dithmenos.
  7478 | D:8      | Found an ornate altar of the Wu Jian Council.
  7478 | D:8      | Found a hazy altar of Hepliaklqana.
  7484 | D:8      | Found a sacrificial altar of Ru.
  7493 | D:8      | Found a radiant altar of Vehumet.
  7843 | D:9      | Found a runed translucent gate.
  7844 | D:9      | Found a runed translucent gate.
  7844 | D:9      | Found a runed translucent gate.
  7876 | D:9      | Reached skill level 5 in Invocations
  7919 | D:9      | Found a flagged portal.
  7930 | Bailey   | Entered a bailey
  7973 | Bailey   | Noticed an orc knight
  8017 | Bailey   | Killed an orc knight
  8385 | D:9      | Noticed a two-headed ogre
  8396 | D:9      | Killed a two-headed ogre
  8397 | D:9      | Reached skill level 10 in Dodging
  8397 | D:9      | Reached XP level 11. HP: 65/81 MP: 15/15
  8672 | D:9      | Found a staircase to the Lair.
  8753 | D:9      | Noticed ArthosElwyn's ghost (novice MiFi)
  8763 | D:10     | Entered Level 10 of the Dungeon
  8988 | D:10     | Reached ****** piety under Hepliaklqana
  9065 | D:10     | Noticed Lodul
  9065 | D:10     | Noticed a two-headed ogre
  9065 | D:10     | Noticed a two-headed ogre
  9065 | D:10     | Noticed a two-headed ogre
  9117 | D:10     | Noticed a two-headed ogre
  9147 | D:10     | Killed a two-headed ogre
  9162 | D:10     | Killed a two-headed ogre
  9163 | D:10     | Reached skill level 11 in Fighting
  9188 | D:10     | Killed a two-headed ogre
  9287 | D:10     | Noticed a two-headed ogre
  9287 | D:10     | Noticed a two-headed ogre
  9334 | Lair:1   | Entered Level 1 of the Lair of Beasts
  9380 | Lair:1   | Reached skill level 5 in Stealth
  9382 | Lair:1   | Slain by a komodo dragon

Illustrated notes

Levels and vault maps discovered:
D:1:      saegor_arrival_simple_e, layout_basic
D:2:      layout_loops_corners, shapermc_ecumenical_altar_gd, serial_shops, shop
D:3:      layout_basic, grunt_ministairs_7, uniq_sigmund
D:4:      layout_basic, mainiacjoe_overflow_swirl, kennysheep_generic_room_13,
          uniq_ijyb
D:5:      layout_cave_pools, serial_column_ruins, column_ruins_hut,
          column_ruins_hut_water, column_ruins_columns_straight,
          column_ruins_open_tiny, column_ruins_grid_1,
          column_ruins_columns_straight, column_ruins_grid_3,
          column_ruins_open_medium, column_ruins_grid_1
D:6:      layout_basic, mainiacjoe_overflow_brackets, old_standard_altar,
          minmay_temple_entry_statues_fountains, serial_glass, glass_columns_b,
          glass_columns_b, hangedman_decor_diamond_cutter
D:7:      layout_loops_ring
D:8:      layout_loops_ring, mainiacjoe_overflow_surrounded_room,
          minmay_overflow_temple_hex, minmay_shop_damaged
D:9:      layout_rooms, grunt_lair_entry_orc_guard_hut, enter_bailey_4,
          gammafunk_ghost_spectres, grunt_ministairs_9
D:10:     layout_stronghold, nicolae_overflow_hidden_temple,
          mainiacjoe_overflow_alcove_1, uniq_lodul
Lair:1:   layout_cave_pods, ebering_ghost_disaster_area, beast_lair_carwin_2

Skill      XL: |  1  2  3  4  5  6  7  8  9 10 11 |
---------------+----------------------------------+-----
Fighting       | 4 6 7 8 10 11 | 11.0
Dodging        | 6 8 10 | 10.0
Invocations    | 4 6 7 |  7.0
Long Blades    | 4 5 8 |  8.0
Throwing       | 3 4 |  4.0
Armour         | 3 4 |  4.0
Evocations     | 1 7 |  7.0
Stealth        | 5 |  5.0

Action                   |  1- 3 |  4- 6 |  7- 9 | 10-12 || total
-------------------------+-------+-------+-------+-------++-------
Melee: Falchion          |    91 |    76 |    70 |   106 ||   343
       Great sword       |       |       |    66 |    41 ||   107
       Demon blade       |       |       |       |    20 ||    20
       Lajatang          |       |       |       |    49 ||    49
       Punch             |       |       |       |     4 ||     4
Throw: Javelin           |     3 |       |     7 |    30 ||    40
       Boomerang         |       |       |       |    18 ||    18
       Throwing net      |       |       |       |     1 ||     1
Invok: Ancestor Life: Kn |     1 |       |       |       ||     1
       Recall Ancestor   |       |       |     2 |       ||     2
Evoke: Wand              |       |       |     4 |     4 ||     8
       Lightning rod     |       |       |       |     3 ||     3
  Use: Potion            |     1 |       |       |       ||     1
       Scroll            |       |       |     7 |     2 ||     9
 Stab: Sleeping          |    10 |     1 |       |     1 ||    12
       Distracted        |       |     2 |     1 |     3 ||     6
       Held in net/web   |       |       |       |     1 ||     1
Armor: Robe              |    10 |       |       |       ||    10
       Leather armour    |    22 |     4 |       |       ||    26
       Scale mail        |       |    30 |    68 |    68 ||   166
Dodge: Dodged            |    86 |    56 |   120 |   193 ||   455

Table legend: (Time is in decaauts)
 A = Elapsed time spent in this place.
 B = Non-inter-level travel time spent in this place.
 C = Inter-level travel time spent in this place.
 D = Time resting spent in this place.
 E = Time spent auto-exploring this place.
 F = Levels seen in this place.
 G = Mean time per level.
                   A        B        C        D        E       F      G
               +--------+--------+--------+--------+--------+-----+--------+
         Total |   9447 |   8960 |    487 |    318 |   6849 |  12 |  787.2 |
       Dungeon |   8962 |   8476 |    486 |    318 |   6620 |  10 |  896.2 |
          Lair |     52 |     52 |      0 |      0 |     21 |   1 |   52.0 |
        Bailey |    432 |    432 |      0 |      0 |    208 |   1 |  432.0 |
               +--------+--------+--------+--------+--------+-----+--------+

Top non-repeatable levels by time:
     D:3: 1308 daAuts
     D:4: 1282 daAuts
     D:6: 1163 daAuts
     D:2: 1084 daAuts
     D:8: 795 daAuts
     D:5: 765 daAuts
     D:1: 738 daAuts
     D:7: 718 daAuts
     D:9: 573 daAuts
    D:10: 532 daAuts
  Bailey: 432 daAuts
  Lair:1: 52 daAuts
